 Dungeon Sprint DCSS version 0.30.1-9-gdf580d7c3d (webtiles) character file.

Game seed: 3115810326553399396

11 Heoruswealwe the Covered (level 2, -8/28 HPs)
             Began as a Minotaur Fighter on Oct 2, 2023.
             Splashed by a jelly's acid (10 damage)
             ... in the Dungeon (Sprint IX: "|||||||||||||||||||||||||||||").
             The game lasted 00:00:40 (33 turns).

Heoruswealwe the Covered (Minotaur Fighter)           Turns: 33, Time: 00:00:41

Health: -8/28      AC:  0    Str: 20    XL:     2   Next: 13%
Magic:  1/1        EV:  9    Int:  5    God:
Gold:   0          SH:  4    Dex:  9    Spells: 1/1 levels left

rFire   . . .        a - +0 trident
rCold   . . .        d - +0 buckler
rNeg    . . .        c - +0 scale mail
rPois   .            (helmet restricted)
rElec   .            (no cloak)
rCorr   .            (no gloves)
SInv    .            (no boots)
Will    .....        (no amulet) Stlth
                     (no ring)
HPRegen 0.24/turn    (no ring)
MPRegen 0.07/turn

%: no teleportation
@: corroded
A: horns 2, retaliatory headbutt
a: no special abilities


You were in the Dungeon.
You visited 1 branch

Inventory:

Hand Weapons
 a - a +0 trident (weapon)
Armour
 c - a +0 scale mail (worn)
 d - a +0 buckler (worn)
Scrolls
 j - a scroll of blinking
Potions
 b - a potion of might
 e - a potion of curing
 f - a potion of heal wounds
 g - a potion of haste
 i - a potion of berserk rage


   Skills:
 + Level 4.4 Fighting
 * Level 4.4 Polearms
 + Level 4.4 Armour
 - Level 3.6 Shields


You had one spell level left.
You didn't know any spells.
Your spell library was empty.

Dungeon Overview and Level Annotations

Branches:
Dungeon (1/1)

Altars:


Innate Abilities, Weirdness & Mutations

You have a pair of horns on your head.
You reflexively headbutt those who attack you in melee.


Message History

The ufetubus hits you. x2
You closely miss the ufetubus. Your headbutt misses the ufetubus.
The ufetubus misses you. You block the ufetubus's attack.
The ufetubus hits you but does no damage.
You block the ufetubus's attack.
You hit the ufetubus.
The ufetubus is moderately wounded.
The ufetubus hits you. The ufetubus closely misses you.
The orc wizard casts a spell.
The orc wizard flickers and vanishes!
Deactivating autopickup; reactivate with Ctrl-A.
You closely miss the ufetubus.
The ufetubus is moderately wounded.
The ufetubus barely misses you.
The ufetubus hits you but does no damage.
The ufetubus closely misses you.
The ufetubus hits you but does no damage.
The jelly jiggles.
You closely miss the ufetubus.
The ufetubus is lightly wounded.
The ufetubus hits you but does no damage. x3
The ufetubus closely misses you.
You puncture the ufetubus!
You kill the ufetubus!
Your Polearms skill increases to level 4!
You have reached level 2!
You hit the jelly.
Your hands burn!
The jelly is moderately wounded.
The jelly hits you but does no damage.
You hit the jelly. The acid corrodes you!
Your hands burn!
The jelly is heavily wounded.
The jelly hits you but does no damage.
You hit the jelly.
Your hands burn!
The jelly is almost dead.
The jelly hits you. The acid corrodes you!
You are splashed with acid.
* * * LOW HITPOINT WARNING * * *
The jelly hits you.
* * * LOW HITPOINT WARNING * * *
You are splashed with acid!
You die...

▓.▓
▓!▓
▓.▓
▓)▓
▓.▓
▓.▓
▓.▓
▓.▓
▓@▓
▓J▓
▓Y▓
▓l▓
▓.▓
▓.▓
▓.▓
▓+▓


You could see an ice beast, an iguana and a jelly.

Vanquished Creatures
  An ufetubus (D)
  2 goblins (D)
  A kobold (D)
  2 rats (D)
6 creatures vanquished.

Notes
Turn   | Place    | Note
-------+----------+-------------------------------------------
     0 | D        | Heoruswealwe the Minotaur Fighter began the quest for the
                  | Orb.
     0 | D        | Reached XP level 1. HP: 19/19 MP: 0/0
    24 | D        | Noticed a jelly
    24 | D        | Noticed an ice beast
    24 | D        | Noticed an iguana
    24 | D        | Noticed an orc wizard
    31 | D        | Reached XP level 2. HP: 19/28 MP: 1/1
    33 | D        | Splashed by a jelly's acid

Illustrated notes

Levels and vault maps discovered:
D:        linesprint [early_d, line_temple, items_1, d_10, items_2, lair_1,
          lair_end, items_3, orc_1, orc_end, items_4, d_15, swamp_1, shoals_1,
          snake_1, spider_1, d_20, vaults_1, items_5, swamp_end, shoals_end,
          snake_end, spider_end, vaults_end, d_27, items_6, zot_1, zot_end,
          crypt_end, forest_end, elf_end, slime_end, tomb_end, abyss_end,
          pan_hell_end]

Skill      XL: |  1 |
---------------+----+-----
Polearms       | 4 |  4.4
Fighting       | 4 |  4.4
Armour         | 4 |  4.4
Shields        | |  3.6

Action                     || total
---------------------------++-------
  Melee: Trident           ||    20
         Headbutt          ||     2
 Armour: Scale mail        ||    10
  Dodge: Dodged            ||    10
  Block: Buckler           ||     3
